 Dungeon Crawl Stone Soup version 0.28.0-47-ge53b351184 (webtiles) character file.

Game seed: 8639846369471599770

69 GigaChad the Shield-Bearer (level 4, -1/40 HPs)
             Began as a Minotaur Fighter on Apr 28, 2022.
             Was an Initiate of Ashenzari.
             Slain by a goblin
             ... wielding a +0 dagger
             ... led by Robin
              (3 damage)
             ... on level 2 of the Dungeon.
             The game lasted 00:04:01 (1418 turns).

GigaChad the Shield-Bearer (Minotaur Fighter)       Turns: 1418, Time: 00:04:02

Health: -1/40      AC:  7    Str: 21    XL:     4   Next: 2%
Magic:  3/3        EV:  9    Int:  5    God:    Ashenzari [......]
Gold:   34         SH:  5    Dex: 11    Spells: 3/3 levels left

rFire   . . .      SeeInvis .   a - +0 long sword "Gloom of Ashenzari" {Bglg, Range} (curse)
rCold   . . .      Faith    .   c - +0 buckler
rNeg    . . .      Spirit   .   b - +0 scale mail
rPois   .          Reflect  .   (helmet restricted)
rElec   .          Harm     .   (no cloak)
rCorr   .          Rampage  .   (no gloves)
Will    .....                   (no boots)
Stlth   ..........              (no amulet)
HPRegen 0.13/turn               (no ring)
MPRegen 0.08/turn               (no ring)

@: no status effects
A: horns 2, retaliatory headbutt
a: Renounce Religion, Curse Item, Shatter the Chains


You were on level 2 of the Dungeon.
You worshipped Ashenzari.
Ashenzari was noncommittal.
You visited 1 branch of the dungeon, and saw 2 of its levels.

You collected 34 gold pieces.

Inventory:

Hand Weapons
 a - the cursed +0 long sword "Gloom of Ashenzari" (weapon) {Bglg, Range}

   It has a curse which improves the following skills: Beguiling: Conjurations,
   Hexes and Translocations.
   Ranged Combat: Slings, Bows, Crossbows and Throwing.
Armour
 b - a +0 scale mail (worn)
 c - a +0 buckler (worn)
Scrolls
 f - a scroll of enchant weapon {unknown}
Potions
 d - a potion of might
 g - a potion of lignification {unknown}


   Skills:
 + Level 4.0 Fighting
 + Level 3.1 Long Blades
 + Level 4.4 Armour
 + Level 4.7 Shields


You had 3 spell levels left.
You didn't know any spells.
Your spell library was empty.

Dungeon Overview and Level Annotations

Branches:
Dungeon (2/15)

Altars:
Ashenzari

Annotations:
D:2 Robin


Innate Abilities, Weirdness & Mutations

You have a pair of horns on your head.
You reflexively headbutt those who attack you in melee.


Message History

You closely miss the gnoll.
The goblin shouts!
You headbutt the gnoll.
The gnoll is almost dead.
You hear a shout!
The gnoll hits you with a +0 flail.
* * * LOW HITPOINT WARNING * * *
You hear a shout! x2
You hit the gnoll but do no damage.
The gnoll is almost dead.
The gnoll closely misses you.
Robin roars a battlecry!
The goblins go into a battle-frenzy!
The gnoll barely misses you.
A worm comes into view.
The gnoll hits you from afar with a +0 spear.
* * * LOW HITPOINT WARNING * * *
You hear a shout! x2
You slash the gnoll!
You kill the gnoll!
Robin throws the goblin at you! The goblin hits you but does no damage.
The gnoll closely misses you.
Your Long Blades skill increases to level 3!
You have reached level 4!
You feel stronger.
As you read the scroll labelled YJAMUO LEUSUAC, it crumbles to dust.
You assume a fearsome visage.
The worm looks frightened!
Robin looks frightened!
The goblin looks frightened! x3
The hobgoblin looks frightened!
The gnoll looks frightened!
It was a scroll of fear.
A goblin comes into view. It is wielding a +0 dagger.
Cornered, the gnoll turns to fight!
Cornered, the goblin turns to fight!
The gnoll hits you from afar with a +0 spear.
* * * LOW HITPOINT WARNING * * *
You slash the goblin!
You kill the goblin!
You block the gnoll's attack.
Your Fighting skill increases to level 4!
The goblin hits you with a +0 dagger.
You die...

#.#####.#.#
........#.#
#..#####...#
#..# #.#.# ....
#.#g# #
#.#.#####
#.#.#.....#
#...#.g##.##
#....)).g@.#
###.####.##..#
....####g##..#
.......#.##..###
.........##.....
#..g...g..####
#....g....#
#.....#####
##..#.


You could see a gnoll and a goblin (strong).

Vanquished Creatures
  2 gnolls (D:2)
  An adder (D:2)
  A dart slug (D:1)
  3 endoplasms (D:1)
  A giant cockroach (D:1)
  7 goblins
  2 hobgoblins
  A quokka (D:1)
  5 ball pythons
  4 bats (D:1)
  A frilled lizard (D:1)
  2 kobolds (D:1)
  8 rats (D:1)
38 creatures vanquished.

Notes
Turn   | Place    | Note
-------+----------+-------------------------------------------
     0 | D:1      | GigaChad the Minotaur Fighter began the quest for the Orb.
     0 | D:1      | Reached XP level 1. HP: 19/19 MP: 0/0
   256 | D:1      | Reached XP level 2. HP: 22/27 MP: 1/1
   301 | D:1      | Found a faded altar of an unknown god.
   308 | D:1      | Prayed at the altar of an unknown god.
   308 | D:1      | Became a worshipper of Ashenzari the Shackled
   932 | D:1      | Reached XP level 3. HP: 29/33 MP: 2/2
  1404 | D:2      | Noticed Robin
  1409 | D:2      | HP: 1/33 [gnoll/+0 spear (3)]
  1411 | D:2      | Reached XP level 4. HP: 2/40 MP: 3/3
  1416 | D:2      | HP: 2/40 [gnoll/+0 spear (1)]
  1418 | D:2      | Slain by a goblin

Illustrated notes

Levels and vault maps discovered:
D:1:      co_arrival_square_in_a_square_in_a_square, layout_basic,
          dilly_ecumenical_altar_fadedgnrine, minmay_tripent
D:2:      layout_loops_ring, nicolae_wormholes, uniq_robin

Skill      XL: |  1  2  3  4 |
---------------+-------------+-----
Shields        | 4 |  4.7
Armour         | 4 |  4.4
Long Blades    | 3 |  3.1
Fighting       | 4 |  4.0

Action                   |  1- 3 |  4- 6 || total
-------------------------+-------+-------++-------
Melee: Long sword        |    72 |     1 ||    73
       Headbutt          |    10 |       ||    10
Invok: Curse Item        |     1 |       ||     1
  Use: Scroll            |     1 |     1 ||     2
Armor: Scale mail        |    44 |       ||    44
Dodge: Dodged            |    51 |       ||    51
Block: Buckler           |    25 |     1 ||    26
